 Dungeon Crawl Stone Soup version 0.30-a0-702-gdf48620a09 (webtiles) character file.

Game seed: 1346315888829386978

581 Newt the Skirmisher (level 7, 0/43 HPs)
             Began as a Kobold Hunter on Jan 21, 2023.
             Was an Initiate of Hepliaklqana.
             Killed from afar by a steam dragon (10 damage)
             ... with a ball of steam
             ... on level 5 of the Dungeon.
             The game lasted 00:03:57 (4027 turns).

Newt the Skirmisher (Kobold Hunter)                 Turns: 4027, Time: 00:03:57

Health: 0/43       AC: 24    Str:  9    XL:     7   Next: 63%
Magic:  0/7        EV:  8    Int: 10    God:    Hepliaklqana [......]
Gold:   198        SH:  0    Dex: 20    Spells: 6/6 levels left

rFire   . . .      SeeInvis .    a - +0 shortbow
rCold   . . .      Faith    .    (shield currently unavailable)
rNeg    . . .      Spirit   +    s - +10 plate armour of Feasting {Regen+}
rPois   .          Reflect  .    (no helmet)
rElec   .          Harm     .    o - +0 cloak
rCorr   .          Rampage  .    e - +2 pair of gloves
Will    .....                    (no boots) Stlth
                                 j - amulet of guardian spirit
HPRegen 1.07/turn                q - +5 ring of evasion
MPRegen 0.10/turn                (no ring)

@: no status effects
A: small, no large weapons, nightstalker 3
a: Renounce Religion


You were on level 5 of the Dungeon.
You worshipped Hepliaklqana.
Hepliaklqana was noncommittal.
You visited 1 branch of the dungeon, and saw 5 of its levels.

You collected 198 gold pieces.

Inventory:

Hand Weapons
 a - a +0 shortbow (weapon)
 l - a +0 sling
Armour
 c - a +0 leather armour
 e - a +2 pair of gloves (worn)
 o - a +0 cloak (worn)
 s - the +10 plate armour of Feasting (worn) {Regen+}
   (You found it on level 5 of the Dungeon)

   Regen:     It increases your rate of health regeneration.
Jewellery
 j - an amulet of guardian spirit (around neck)
 q - a +5 ring of evasion (left hand)
Wands
 k - a wand of charming (6)
Scrolls
 b - a scroll of immolation
 n - a scroll of blinking
 r - a scroll of fog
 t - 2 scrolls of identify
 u - a scroll of enchant armour
 v - a scroll of enchant weapon {unknown}
Potions
 d - 2 potions of flight
 f - a potion of heal wounds
 g - a potion of curing
 h - 3 potions of degeneration
 i - a potion of magic {unknown}
 m - a potion of cancellation {unknown}
 p - a potion of mutation {unknown}


   Skills:
 - Level 4.0 Fighting
 - Level 9.0 Ranged Weapons
 + Level 0.7 Armour
 - Level 5.0 Dodging
 - Level 3.0 Stealth


You had 6 spell levels left.
You didn't know any spells.
Your spell library contained the following spells:

 Spells                   Type           Power      Damage    Failure   Level
 Call Canine Familiar     Summ           0%         N/A       100%        3
 Ignite Poison            Fire/Tmut/Pois 0%         N/A       100%        3
 Portal Projectile        Hex/Tloc       0%         N/A       100%        3
 Leda's Liquefaction      Hex/Erth       0%         N/A       100%        4
 Sticky Flame             Conj/Fire      0%         2d3       100%        4
 Ignition                 Fire           0%         3d3       100%        8


Dungeon Overview and Level Annotations

Branches:
Dungeon (5/15)
 Temple: D:4-7

Altars:
Ashenzari
Gozag
Hepliaklqana
Kikubaaqudgha
Okawaru
Qazlal
Ru
Uskayaw
Vehumet
Wu Jian
Xom
Yredelemnul
Zin
The Shining One


Innate Abilities, Weirdness & Mutations

You are small and have problems with some larger weapons.
You are completely attuned to the shadows.


Message History

You see here 4 javelins.
A steam dragon comes into view.
Found a stone staircase leading down.
The steam dragon hisses angrily.
You shoot an arrow.
The arrow barely misses the steam dragon.
The steam dragon breathes steam at you. The ball of steam hits you.
You shoot an arrow. The arrow hits the steam dragon.
The steam dragon is lightly wounded.
You are engulfed in a cloud of scalding steam.
The steam dragon closely misses you.
The steam dragon claws you but does no damage.
You shoot an arrow.
The arrow hits the steam dragon but does no damage.
The steam dragon is lightly wounded.
You are engulfed in a cloud of scalding steam.
The steam dragon breathes steam at you. The ball of steam hits you!
The steam dragon bites you but does no damage.
The steam dragon completely misses you.
You are too injured to fight recklessly!
The steam dragon bites you but does no damage.
The steam dragon claws you but does no damage.
You shoot an arrow. The arrow hits the steam dragon!
The steam dragon is moderately wounded.
The steam dragon bites you!
The steam dragon claws you but does no damage.
The steam dragon closely misses you.
The steam dragon claws you but does no damage.
You shoot an arrow.
The arrow barely misses the steam dragon.
The steam dragon breathes steam at you. The ball of steam hits you!
* * * LOW HITPOINT WARNING * * *
The steam dragon bites you but does no damage.
The steam dragon closely misses you. The steam dragon breathes steam at you.
The ball of steam hits you!
You die...

.....#
###.#####
.###.#
#........
......
......†...
#.....
...##.####
...... ###
#..#
#.....
####(####
..####
#.......#
.##
.......§#
#
.....@§.#
.....§..#
....D...#
..........
#.........
#....>..#.


You could see a steam dragon (catching breath).

Vanquished Creatures
  Edmund (D:5)
  A phantom (D:4)
  A hound (D:5)
  2 orc priests
  2 orc wizards (D:4)
  3 gnolls (D:3)
  9 adders
  A shadow imp (D:5)
  An ufetubus (D:5)
  2 worms
  4 dart slugs
  16 orcs
  7 ball pythons
  6 endoplasms
  4 giant cockroaches
  8 goblins
  4 hobgoblins
  3 jackals (D:5)
  12 kobolds
  7 quokkas
  7 bats
  5 frilled lizards
  2 rats
108 creatures vanquished.

Notes
Turn   | Place    | Note
-------+----------+-------------------------------------------
     0 | D:1      | Newt the Kobold Hunter began the quest for the Orb.
     0 | D:1      | Reached XP level 1. HP: 12/12 MP: 1/1
   236 | D:1      | Reached XP level 2. HP: 17/17 MP: 2/2
   500 | D:1      | Reached XP level 3. HP: 22/22 MP: 3/3
  1345 | D:2      | Reached XP level 4. HP: 29/29 MP: 4/4
  2393 | D:3      | Reached skill level 6 in Ranged Weapons
  2531 | D:3      | Reached XP level 5. HP: 28/33 MP: 1/5
  2629 | D:3      | Reached skill level 7 in Ranged Weapons
  2850 | D:3      | Found a shimmering altar of Xom.
  2857 | D:3      | Found an ancient bone altar of Kikubaaqudgha.
  2858 | D:3      | Found a hazy altar of Hepliaklqana.
  2859 | D:3      | Found an ornate altar of the Wu Jian Council.
  2860 | D:3      | Found a glowing silver altar of Zin.
  2864 | D:3      | Became a worshipper of Hepliaklqana the Forgotten
  2867 | D:3      | Found a radiant altar of Vehumet.
  2868 | D:3      | Found a hide-covered altar of Uskayaw.
  2868 | D:3      | Found a glowing golden altar of the Shining One.
  2868 | D:3      | Found an opulent altar of Gozag.
  2868 | D:3      | Found an iron altar of Okawaru.
  2868 | D:3      | Found a stormy altar of Qazlal.
  2869 | D:3      | Found a broken altar of Ashenzari.
  2870 | D:3      | Found a basalt altar of Yredelemnul.
  3031 | D:4      | Reached XP level 6. HP: 38/38 MP: 6/6
  3331 | D:4      | Reached skill level 8 in Ranged Weapons
  3458 | D:5      | Entered Level 5 of the Dungeon
  3618 | D:4      | Reached skill level 9 in Ranged Weapons
  3618 | D:4      | Reached XP level 7. HP: 31/43 MP: 5/7
  3866 | D:5      | Identified the +10 plate armour of Feasting {Regen+}
  3891 | D:5      | Found a sacrificial altar of Ru.
  3915 | D:5      | Noticed Edmund
  3935 | D:5      | Killed Edmund
  3936 | D:5      | Reached skill level 5 in Dodging
  4020 | D:5      | Noticed a steam dragon
  4027 | D:5      | Killed from afar by a steam dragon

Illustrated notes

Levels and vault maps discovered:
D:1:      evilmike_arrival_plus, layout_loops_corners, minmay_ruptured
D:2:      layout_basic, minmay_surrounded
D:3:      layout_rooms, minitemple
D:4:      layout_rooms
D:5:      layout_rooms, lemuel_crystal_altar, serial_shops, nicolae_shop_stone,
          uniq_edmund, uniq_sigmund

Skill      XL: |  1  2  3  4  5  6  7 |
---------------+----------------------+-----
Stealth        | 2 3 |  3.0
Fighting       | 3 4 |  4.0
Ranged Weapons | 6 7 9 |  9.0
Dodging        | 5 |  5.0
Armour         | |  0.7

Action                   |  1- 3 |  4- 6 |  7- 9 || total
-------------------------+-------+-------+-------++-------
 Fire: Shortbow          |    91 |   189 |    63 ||   343
  Use: Scroll            |     2 |     8 |     2 ||    12
       Potion            |     2 |     1 |       ||     3
Armor: Leather armour    |    15 |    36 |     5 ||    56
       Plate armour      |       |       |    29 ||    29
Dodge: Dodged            |    44 |   119 |    50 ||   213

Table legend: (Time is in decaauts)
 A = Elapsed time spent in this place.
 B = Non-inter-level travel time spent in this place.
 C = Inter-level travel time spent in this place.
 D = Time resting spent in this place.
 E = Time spent auto-exploring this place.
 F = Levels seen in this place.
 G = Mean time per level.
                   A        B        C        D        E       F      G
               +--------+--------+--------+--------+--------+-----+--------+
         Total |   4130 |   3964 |    166 |    332 |   2930 |   5 |  826.0 |
       Dungeon |   4130 |   3964 |    166 |    332 |   2930 |   5 |  826.0 |
               +--------+--------+--------+--------+--------+-----+--------+

Top non-repeatable levels by time:
     D:2: 1146 daAuts
     D:1: 1096 daAuts
     D:3: 770 daAuts
     D:4: 696 daAuts
     D:5: 419 daAuts
